[Event "*** Titled Tuesday Blitz"]
[Site "Chess.com"]
[Date "2019.12.03"]
[Round "2"]
[White "Egorov_Pavel"]
[Black "earling8018"]
[Result "1/2-1/2"]
[WhiteElo "2372"]
[BlackElo "1922"]
[TimeControl "180+2"]
[EndTime "13:24:13 PST"]
[Termination "Game drawn by stalemate"]

1. d4 d6 2. Nf3 g6 3. c4 Bg7 4. Nc3 Bg4 5. h3 Bxf3 6. gxf3 e5 7. d5 Nf6 8. Ne4 Nbd7 9. Bg5 h6 10. Bh4 g5 11. Bg3 Nf8 12. e3 Ng6 13. Bd3 Qd7 14. Qc2 Nh5 15. O-O-O Ne7 16. h4 f5 17.
Nc3 f4 18. Bg6+ Nxg6 19. Qxg6+ Qf7 20. Qxf7+ Kxf7 21. Bh2 a6 22. exf4 gxf4 23. Ne4 Bf6 24. Rdg1 Rag8 25. c5 Be7 26. Rg4 dxc5 27. Rhg1 Nf6 28.
Nxf6 Bxf6 29. h5 Bg5 30. Re1 Kf6 31. Kc2 Rd8 32. Rd1 Rd6 33. Kc3 b5 34. a4 Rhd8 35. axb5 axb5 36. Ra1 Rxd5 37. Ra6+ R8d6 38. Ra7 Rd2 39. Kb3 R6d3+ 40. Ka2 Rxf2 41. Bg1 Rfxf3 42.
Bxc5 e4 43. Rxc7 e3 44. Rg1 e2 45. Re1 Rd2 46. Re7 Re3 47. Bxe3 fxe3 48. Re4 Kf5 49.
Rb4 Kf6 50. Kb3 Ke6 51. Rg4 Be7 52. Rg2 Bf6 53. Rexe2 Rxe2 54. Rxe2 Bg5 55. Kb4 Ke5 56. Kxb5 Kd4 57. b4 Kd3 58. Ra2 e2 59. Ra1 Kd2 60.
Kc4 e1=Q 61. Rxe1 Kxe1 62. Kd3 Kf2 63. Ke4 Kg3 64. b5 Kg4 65. b6 Bf4 66. b7 Bc7 67. Ke3 Kxh5 68. Kf2 Kg4 69. Kg2 Bb8 70. Kh1 Kh3 71.
Kg1 h5 72. Kh1 h4 73. Kg1 Bh2+ 74. Kh1 Bb8 75. Kg1 Ba7+ 76. Kh1 Kg3 77. b8=Q+ Bxb8 78. Kg1 h3 79. Kh1 h2 1/2-1/2

[Event "*** Titled Tuesday Blitz"]
[Site "Chess.com"]
[Date "2019.12.03"]
[Round "2"]
[White "albi1999"]
[Black "Msb2"]
[Result "1/2-1/2"]
[WhiteElo "2580"]
[BlackElo "2821"]
[TimeControl "180+2"]
[EndTime "13:24:19 PST"]
[Termination "Game drawn by repetition"]

1. d4 d5 2. c4 e6 3. Nf3 Nf6 4. g3 Bb4+ 5. Bd2 Bd6 6. Nc3 O-O 7. Bg5 c6 8. Bg2 h6 9. Bxf6 Qxf6 10. e3 Qd8 11.
Qe2 Nd7 12. O-O f5 13. Rab1 Qe7 14. a3 a5 15. Rfc1 g5 16. Qd3 Kh8 17. Nd2 b6 18.
f4 Ba6 19. Ne2 Rg8 20. Qc3 Rac8 21. b4 axb4 22. axb4 Kh7 23. Qb2 Nf6 24. Ra1 Ra8 25. c5 Bxe2 26. cxd6 Qxd6 27. Qc3 Bb5 28. Nf3 Ne4 29. Qb2 Bc4 30. Ne5 b5 31. Bxe4 fxe4 32. fxg5 hxg5 33. Qg2 Kg7 34. Qh3 Rh8 35. Qg4 Qe7 36.
Nxc6 Qf6 37. Ne5 Qf5 38. Qxf5 exf5 39. Kg2 Kf6 40. Nd7+ Ke6 41. Nb6 Rxa1 42. Rxa1 f4 43. gxf4 gxf4 44. exf4 Kf5 45. Nxc4 bxc4 46. Ra5 Kxf4 47.
Rxd5 e3 48. Rc5 Rg8+ 49. Kf1 Ke4 50. Rxc4 Kd3 51. Rc1 e2+ 52. Kf2 Rf8+ 53. Kg2 Kd2 54. Ra1 e1=Q 55. Rxe1 Kxe1 56. h4 Rf4 57. Kg3 Rxd4 58.
b5 Rb4 59. h5 Ke2 60. b6 Rxb6 61. Kf4 Kd3 62. Kg5 Rb5+ 63. Kg6 Ke4 64. h6 Rb6+ 65. Kg7 Kf5 66. h7 Rb7+ 67. Kh6 Rb8 68. Kg7 Rb7+ 69.
Kh6 Rb6+ 70. Kg7 Kg5 71. h8=Q Rb7+ 72. Kg8 Rb8+ 73. Kg7 Rb7+ 74. Kg8 Rb8+ 75. Kg7 Rb7+ 1/2-1/2

[Event "*** Titled Tuesday Blitz"]
[Site "Chess.com"]
[Date "2019.12.03"]
[Round "2"]
[White "WPWPWP-2015"]
[Black "Korchmar_Vasiliy"]
[Result "1-0"]
[WhiteElo "2544"]
[BlackElo "2744"]
[TimeControl "180+2"]
[EndTime "13:24:19 PST"]
[Termination "WPWPWP-2015 won by resignation"]

1. e4 c5 2. Nf3 d6 3. Bb5+ Bd7 4. c4 Bxb5 5. cxb5 g6 6. O-O Bg7 7. d4 cxd4 8. Nxd4 Nf6 9. Nc3 O-O 10. Re1 Nbd7 11. a4 Rc8 12. Be3 Ne5 13. Nc2 Nc4 14. Bc1 Nd7 15. Qd3 Qa5 16. h3 Nxb2 17. Bxb2 Bxc3 18. Bxc3 Rxc3 19. Qd2 Rfc8 20. Ne3 Nf6 21. Nd1 Qc7 22. Nxc3 Qxc3 23. Qxc3 Rxc3 24. e5 dxe5 25.
Rxe5 Kf8 26. Re3 Rc4 27. Rd3 e6 28. Rd8+ Kg7 29. Ra8 Nd5 30. Rxa7 b6 31. Rb7 g5 32. a5 bxa5 33. Rxa5 g4 34. hxg4 Rxg4 35. Raa7 Rf4 36.
g3 Rf5 37. b6 Kg6 38. Rb8 Nb4 39. Rg8+ Kf6 40. Rf8 Kg7 41. Rc8 Rb5 42. Rcc7 Rxb6 43. Rxf7+ Kg6 44. Rg7+ Kf6 45. Rgb7 Rxb7 46. Rxb7 Nd5 47.
Rxh7 Nc3 48. Kg2 Ne4 49. Ra7 Ng5 50. Ra4 Nf7 51. Kf3 Ne5+ 52. Ke4 Nd7 53. Ra8 Nc5+ 54.
Kf4 Nd3+ 55. Ke3 Ne5 56. Ra4 Nd7 57. Rf4+ Ke5 58. Re4+ Kf6 59. Kf4 Nb6 60. Re1 Nd5+ 61. Ke4 Nc3+ 62. Kd4 Nd5 63. f4 Ne7 64. Rh1 Nf5+ 65. Kd3 Nxg3 66. Rh4 Nf5 67. Rg4 Nh6 68.
Rg5 Nf7 69. Rh5 Kg6 70. Ra5 Nd6 71. Ra6 Nb7 72. Rxe6+ Kf5 73. Re7 Na5 74. Re5+ 1-0

[Event "*** Titled Tuesday Blitz"]
[Site "Chess.com"]
[Date "2019.12.03"]
[Round "2"]
[White "Marcin"]
[Black "vlad10898"]
[Result "1/2-1/2"]
[WhiteElo "2363"]
[BlackElo "2680"]
[TimeControl "180+2"]
[EndTime "13:24:19 PST"]
[Termination "Game drawn by agreement"]

1. d4 Nf6 2. c4 g6 3. Nc3 d5 4. cxd5 Nxd5 5. e4 Nxc3 6. bxc3 Bg7 7. Nf3 c5 8. Be3 Qa5 9. Qd2 Nc6 10. Rc1 cxd4 11.
cxd4 Qxd2+ 12. Kxd2 O-O 13. d5 Rd8 14. Kc2 Na5 15. Bg5 Bd7 16. Bxe7 Rdc8+ 17. Kb1 Rxc1+ 18.
Kxc1 Re8 19. Bb4 Nc4 20. Bxc4 Rxe4 21. Nd2 Bh6 22. Kb2 Bxd2 23. Bxd2 Rxc4 24. Be3 b6 25.
Rc1 Rxc1 26. Kxc1 Kf8 27. Kb2 Ke7 28. Bf4 Bf5 29. g3 Be4 30. Bb8 Bxd5 31. Bxa7 b5 32. a3 Ke6 33. Kc3 Bf3 34. h4 Kf5 35. Kd4 f6 36. Ke3 Bc6 37. Bc5 Kg4 38. Be7 f5 39. Bg5 Kh3 40. Bh6 Kg2 41. Bg5 Kf1 42. Bh6 Ke1 43. Bg5 Kd1 44. Bh6 Kc2 45. Bg5 Kb3 46.
Be7 Kc4 47. Kf4 Kd3 48. Kg5 Ke2 49. Bc5 Kf3 50. Be3 Be8 51. Kh6 Kg4 52. Kxh7 Kh5 53. Kg7 Bc6 54. Kf6 Bf3 55. Bg5 Bg4 56. Ke5 Bf3 57.
Kf4 Bg2 58. Be7 Kh6 59. Bf8+ Kh7 60. Kg5 Bf3 61. Bb4 Be2 62. Bd2 Bf3 63. Kf6 Be2 64. Kg5 Bf3 65. Kf4 Be2 66. Bc3 Bd1 67. Kg5 Be2 68.
Kf4 Bd1 69. h5 Kh6 70. hxg6 Kxg6 71. Bd4 Bb3 72. Ke5 Bd1 73. Kd6 Be2 74. Ke6 Bd1 75. Be5 Bb3+ 76. Ke7 Bd1 77. Bf4 Bf3 78. Be3 Be2 79.
Kd6 Bf3 80. Ke5 Be2 81. Kf4 Bd1 82. f3 Be2 83. Bd4 Bd1 84. Bc5 Be2 85. Bb6 Bd1 86. Bd8 Be2 87. g4 fxg4 88. Kxg4 Bd1 89. Kf4 Be2 90.
Ke4 Kf7 91. f4 Bf1 92. Ba5 Bc4 93. Bb4 Bf1 94. Ke5 Bc4 95. f5 Bf1 96. f6 Be2 97. Be7 Bf1 1/2-1/2

[Event "*** Titled Tuesday Blitz"]
[Site "Chess.com"]
[Date "2019.12.03"]
[Round "2"]
[White "HarutyunianTigranK"]
[Black "ehrenfeld"]
[Result "0-1"]
[WhiteElo "2761"]
[BlackElo "2563"]
[TimeControl "180+2"]
[EndTime "13:24:39 PST"]
[Termination "ehrenfeld won by checkmate"]

1. c4 e5 2. Nc3 Nc6 3. Nf3 Nf6 4. e4 Bc5 5. Nxe5 Bxf2+ 6. Kxf2 Nxe5 7. d4 Ng6 8. e5 Ng8 9. g3 N8e7 10. Bg2 d6 11. exd6 cxd6 12. Re1 O-O 13. Kg1 Be6 14. b3 Qd7 15.
Qf3 Rab8 16. Ba3 Bg4 17. Qf2 Rbd8 18. Nb5 Nc8 19. Kh1 Bh3 20. Bxh3 Qxh3 21. Qg2 Qd7 22. Nc3 Rfe8 23. Kg1 h6 24. Qf3 a6 25. Kg2 b5 26. c5 dxc5 27. Bxc5 Nce7 28. b4 Nf5 29. Qf2 Nfe7 30. Ne4 Nd5 31. Nd6 Rxe1 32. Rxe1 Qc6 33.
Qf3 Rxd6 34. Bxd6 Qxd6 35. Re8+ Kh7 36. Qxf7 Nf6 37. Re2 Qxd4 38. a3 h5 39. Qb7 h4 40. Qf3 Qd7 41. Rc2 h3+ 42. Kf2 Ne5 43. Qe2 Neg4+ 44. Kf1 Qd5 45. Ke1 Qh1+ 46. Qf1 Qe4+ 47.
Qe2 Qh1+ 48. Qf1 Qd5 49. Qxh3+ Kg6 50. Re2 Qd3 51. Qg2 Qxa3 52. Qc6 Qxb4+ 53. Kf1 Qd4 54.
Kg2 Ne3+ 55. Kf3 Nd5 56. Qc2+ Kf7 57. h3 b4 58. Qf5 b3 59. Qe6+ Kg6 60. g4 b2 61. Qf5+ Kf7 62. Qe6+ Kg6 63. Qf5+ Kf7 64. g5 Qc3+ 65. Kg2 Ne3+ 66. Rxe3 Qxe3 67. gxf6 Qe2+ 68. Kg3 Qe1+ 69. Kg2 b1=Q 70. Qd7+ Kxf6 71. Qd8+ Qe7 72. Qd4+ Qe5 73. Qf2+ Kg6 74. h4 Qbe4+ 75. Kg1 Qe3 76. Kh1 Qxf2 77. h5+ Kf7 78. h6 Qh5# 0-1

[Event "*** Titled Tuesday Blitz"]
[Site "Chess.com"]
[Date "2019.12.03"]
[Round "2"]
[White "Vugar_Manafov"]
[Black "LiamVrolijk"]
[Result "1/2-1/2"]
[WhiteElo "2536"]
[BlackElo "2749"]
[TimeControl "180+2"]
[EndTime "13:24:44 PST"]
[Termination "Game drawn - insufficient material"]

1. Nf3 d5 2. g3 Nf6 3. Bg2 e6 4. O-O Be7 5. d3 c5 6. Nc3 O-O 7. e4 Nc6 8. h3 b6 9. Re1 Bb7 10.
Nd2 Nd4 11. f4 b5 12. Ne2 dxe4 13.
Nxe4 Qb6 14. c3 Nf5 15. Qc2 Rad8 16. Kh2 Nd5 17. Ng1 Qc7 18. Nf3 c4 19. d4 Nf6 20.
Ne5 Nxe4 21. Bxe4 Bxe4 22. Qxe4 Bd6 23. Bd2 Bxe5 24. Qxe5 Qb7 25. a3 Qf3 26. Rg1 Rd5 27. Qe1 Qd3 28. g4 Nd6 29. Rg3 Qc2 30. Qc1 Qb3 31.
Re3 Qa4 32. Qd1 Qxd1 33. Rxd1 Rb8 34. Rde1 h5 35. Re5 hxg4 36. hxg4 Kf8 37. Kg3 Rxe5 38.
Rxe5 Ke7 39. f5 Kd7 40. fxe6+ fxe6 41. Bf4 Rf8 42. d5 Rf6 43. dxe6+ Rxe6 44. Rxe6 Kxe6 45.
Bxd6 Kxd6 46. Kf4 Ke6 47. Kg5 Ke5 48. Kg6 Kf4 49. Kxg7 Kxg4 50. Kf6 Kf4 51. Ke6 Ke4 52. Kd6 Kd3 53. Kc5 a6 54. Kb6 Kc2 55. Kxa6 Kxb2 56.
Kxb5 Kxc3 57. a4 Kd4 58. a5 c3 59. a6 c2 60. a7 c1=Q 61. a8=Q Qb2+ 62. Ka6 Qa3+ 63.
Kb7 Qb4+ 64. Ka7 Qa5+ 65. Kb7 Qb5+ 66. Ka7 Qc5+ 67. Kb7 Qb5+ 68. Ka7 Qd7+ 69. Qb7 Qxb7+ 70. Kxb7 1/2-1/2

[Event "*** Titled Tuesday Blitz"]
[Site "Chess.com"]
[Date "2019.12.03"]
[Round "2"]
[White "GrigorGrigorov"]
[Black "johnathan113"]
[Result "1/2-1/2"]
[WhiteElo "2823"]
[BlackElo "2588"]
[TimeControl "180+2"]
[EndTime "13:24:45 PST"]
[Termination "Game drawn - insufficient material"]

1. d4 Nf6 2. c4 g6 3. g3 c5 4.
dxc5 Bg7 5. Nc3 Qa5 6. Bd2 Qxc5 7.
Bg2 O-O 8. Rc1 Nc6 9. Nd5 Ng4 10. Nh3 Bxb2 11. Rb1 Bg7 12. Qc1 e6 13. Rb5 Qd6 14. c5 Qb8 15. Bf4 Be5 16. Ne3 Bxf4 17. Nxf4 Nxe3 18.
Qxe3 d5 19. cxd6 Qxd6 20. O-O Nd4 21. Rbb1 e5 22. Nd5 Rb8 23. f4 Re8 24. fxe5 Qxe5 25. Nf6+ Kh8 26. Qxe5 Rxe5 27. e4 Be6 28. Rb2 Kg7 29.
Rbf2 Rc8 30. Nd5 b5 31. Nf4 Rc7 32. Nd3 Rg5 33. Nf4 Bc4 34. Rd1 Ne6 35. Nd5 Rd7 36.
Re1 Re5 37. Rc1 Nd4 38. Kh1 Ne6 39. h4 Bxd5 40. exd5 Nc7 41. Rc5 Nxd5 42. Rxb5 Re1+ 43. Kh2 Ne3 44. Bf3 Nf1+ 45. Kg2 Ne3+ 46. Kh2 Rc7 47. Rbb2 Rcc1 48. Rbe2 Rxe2 49. Rxe2 Rc2 50. Rxc2 Nxc2 51. Be4 Nb4 52. a3 Na2 53. g4 Nc3 54. Bf3 a5 55. Kg3 Nb1 56. a4 Nc3 57. Bc6 h6 58. Kf4 Kf6 59. g5+ hxg5+ 60. hxg5+ Ke6 61. Ke3 Kd6 62. Be8 Ke7 63. Bc6 Nd1+ 64. Kd4 Kd6 65. Bd5 Ke7 66. Kc5 Nc3 67. Bc6 Ke6 68. Kb6 Kf5 69. Kxa5 Kxg5 70.
Kb4 Nxa4 71. Bxa4 Kf4 72. Be8 g5 73. Bxf7 g4 74. Bd5 g3 75. Bc6 g2 76. Bxg2 1/2-1/2

[Event "*** Titled Tuesday Blitz"]
[Site "Chess.com"]
[Date "2019.12.03"]
[Round "2"]
[White "Elshan1985"]
[Black "GulamaliRises"]
[Result "1-0"]
[WhiteElo "2730"]
[BlackElo "2485"]
[TimeControl "180+2"]
[EndTime "13:24:54 PST"]
[Termination "Elshan1985 won by resignation"]

1. d4 d6 2. e4 Nf6 3. Bd3 g6 4. Nf3 Bg7 5. O-O O-O 6. Re1 Nc6 7. Nbd2 Nd7 8. Nb3 e5 9. Bg5 Qe8 10. c3 h6 11. Bd2 Nf6 12. h3 Nh5 13. a4 Kh7 14. a5 a6 15. Qc2 Bd7 16. dxe5 Nxe5 17.
Nxe5 Qxe5 18. Nd4 Nf4 19. Bf1 Rae8 20. Qb3 Bc8 21. Qc4 c5 22. Nf3 Qf6 23. Bxf4 Qxf4 24. Qd3 f5 25. exf5 Bxf5 26. Qc4 Be4 27. Re3 Bc6 28.
Qxf4 Rxf4 29. Rxe8 Bxe8 30. Rd1 Bf8 31. Nd2 d5 32. g3 Ra4 33. Bg2 Bc6 34. Nf1 d4 35.
Bxc6 bxc6 36. Nd2 Rxa5 37. Nc4 Rb5 38. Ra1 a5 39. Rxa5 dxc3 40. bxc3 Bg7 41. Ra7 Kg8 42. Ra8+ Kh7 43. Ra6 Rb3 44. Rxc6 Rxc3 45. Nd6 Bd4 46. Ne4 Rc2 47. Rc7+ Kg8 48. Kg2 c4 49. Kf3 c3 50.
h4 Rc1 51. Ke2 Ra1 52. Kd3 Rd1+ 53. Ke2 Ra1 54. f4 Rg1 55. Kd3 Rd1+ 56. Ke2 Rg1 57. Rc4 c2 58. Rxc2 Rg2+ 59. Kd3 Rxc2 60. Kxc2 Bb6 61.
Kd3 Kf7 62. Nc3 Ke6 63. Ke4 Bf2 64. Kf3 Be1 65. Ne4 h5 66. Ng5+ Kf5 67. Ne4 Ba5 68.
Nd6+ Ke6 69. Nc4 Bb4 70. Ne5 Kf5 71. Nf7 Be7 72. Nh6+ Ke6 73. Ke4 Bd6 74. f5+ Kf6 75. g4 gxf5+ 76. Nxf5 Bb8 77. g5+ Kf7 78. Kf3 Be5 79. Ne3 Bc3 80. Ng2 Kg6 81. Nf4+ Kf5 82. Nxh5 Be1 83. Ng3+ Kg6 84. Kg4 Bd2 85. h5+ Kh7 86.
Kf5 Bc1 87. Ne4 Bb2 88. Nf6+ Kg7 89. h6+ Kh8 90. g6 1-0

[Event "*** Titled Tuesday Blitz"]
[Site "Chess.com"]
[Date "2019.12.03"]
[Round "2"]
[White "gusanchutik"]
[Black "Supernotar"]
[Result "1/2-1/2"]
[WhiteElo "2965"]
[BlackElo "2630"]
[TimeControl "180+2"]
[EndTime "13:25:33 PST"]
[Termination "Game drawn by repetition"]

1. d4 d5 2. c4 dxc4 3. Nf3 Nf6 4.
e3 e6 5. Bxc4 a6 6. O-O b5 7.
Be2 Bb7 8. Nc3 Nbd7 9. b3 c5 10. Bb2 Be7 11. Rc1 O-O 12. Qc2 Rc8 13. Qb1 Qb6 14.
Rfd1 Rfd8 15. dxc5 Bxc5 16. h3 Bxe3 17. fxe3 b4 18. Kh1 bxc3 19. Rxc3 Rxc3 20. Bxc3 Ne4 21. Be1 Qxe3 22. Qd3 Qxd3 23. Rxd3 Bd5 24. Rd1 Ra8 25. Kg1 f6 26. Nd4 Kf7 27. Nf5 Ne5 28. Ne3 Bb7 29.
Nc4 Bd5 30. Nb6 Rd8 31. Nxd5 exd5 32. Bxa6 Ke6 33. Bf1 f5 34. a4 d4 35. Bd2 d3 36.
Bf4 d2 37. h4 Nd3 38. Bxd3 Rxd3 39. b4 Rd4 40. a5 Nc3 41. Rxd2 Rxf4 42. Rc2 Nb5 43.
Rc6+ Kd7 44. Rb6 Rxb4 45. a6 Ra4 46. Rxb5 Rxa6 47. Rb7+ Ke6 48. Rxg7 Ke5 49. Rxh7 Kf4 50. Rg7 Rh6 51. Kf2 Ke5 52. g3 Ra6 53. Re7+ Kf6 54. Re3 Ra4 55. Kf3 Kg6 56. Rd3 Ra1 57. Rd6+ Kg7 58.
Kf4 Rf1+ 59. Kg5 Rf3 60. Rg6+ Kh7 61. Kh5 Re3 62. Rg5 Rf3 63. Rg6 Re3 64. Rf6 Rxg3 65. Rxf5 Rg7 66. Rf6 Rc7 67. Rf5 Kg7 68. Kg5 Rc2 69. Ra5 Rg2+ 70. Kh5 Rc2 71. Ra7+ Kg8 72.
Ra6 Kg7 73. Rg6+ Kh7 74. Rg5 Rc7 75. Re5 Rd7 76. Kg5 Rg7+ 77. Kf4 Kh6 78. Rf5 Rg6 79. Rf8 Kg7 80. Ra8 Kh6 81. Kf5 Rg1 82. h5 Rf1+ 83. Kg4 Rg1+ 84. Kh4 Rh1+ 85. Kg4 Rg1+ 86. Kf5 Rf1+ 87.
Ke5 Kxh5 88. Rg8 Kh4 89. Ke4 Kh5 90. Ke3 Kh4 91. Ke2 Rf7 92. Ke3 Kh5 93. Ke4 Rf1 94.
Rg2 Kh4 95. Rg8 Kh5 1/2-1/2

[Event "*** Titled Tuesday Blitz"]
[Site "Chess.com"]
[Date "2019.12.03"]
[Round "2"]
[White "VincentKeymer"]
[Black "champ2005"]
[Result "1/2-1/2"]
[WhiteElo "2620"]
[BlackElo "2959"]
[TimeControl "180+2"]
[EndTime "13:26:19 PST"]
[Termination "Game drawn by repetition"]

1. Nf3 Nf6 2. g3 g6 3. Bg2 Bg7 4. O-O O-O 5. d4 c5 6. d5 d6 7.
Nc3 Na6 8. e4 Nd7 9. Nd2 Nc7 10.
a4 b6 11. Re1 a6 12. Nc4 Rb8 13. Bf4 Bb7 14. Qd2 b5 15. axb5 axb5 16. Na5 Ba8 17. Bh6 b4 18. Bxg7 Kxg7 19. Nd1 Nb6 20. Ne3 Qd7 21.
Nac4 Nxc4 22. Nxc4 f6 23. Ra7 Bb7 24. Rea1 Nb5 25.
R7a5 Nc7 26. c3 bxc3 27. bxc3 Bc8 28. Ra7 Qd8 29. f4 Bd7 30. e5 fxe5 31. fxe5 Bb5 32. Ne3 dxe5 33. c4 Be8 34. Qa5 Rc8 35. Qxc5 Rf7 36.
Qb4 Rb8 37. Qc3 Kg8 38. Qxe5 Rc8 39. Bh3 Bd7 40. Bg2 h5 41. Be4 Rg7 42. Kg2 Ne8 43.
Rf1 Nd6 44. Bd3 Be8 45. Qd4 Rb8 46. c5 Nc8 47. Raa1 Bf7 48. Rad1 Qc7 49. Bc4 h4 50. Rxf7 Rxf7 51. d6 exd6 52. cxd6 Nxd6 53. Qxd6 Qxd6 54.
Rxd6 hxg3 55. hxg3 Kg7 56. Bxf7 Kxf7 57. Kf3 Rb4 58. Ra6 Rd4 59. Ra7+ Kf6 60. Ng4+ Ke6 61. Ra6+ Kf5 62. Ne3+ Kg5 63. g4 Rf4+ 64. Kg3 Re4 65.
Ra5+ Kf6 66. Kf3 Rd4 67. g5+ Ke6 68. Ra6+ Kf7 69. Ng4 Rd5 70. Kf4 Rf5+ 71. Ke4 Rxg5 72. Ne5+ Kg7 73. Kd5 Rg1 74. Ke6 Kh6 75. Ra3 g5 76.
Rh3+ Kg7 77. Rf3 Kh6 78. Rf8 g4 79. Rh8+ Kg5 80. Rg8+ Kf4 81. Rf8+ Ke3 82. Kd5 g3 83. Rf3+ Ke2 84. Ke4 Re1 85. Nd3 Rg1 86. Re3+ Kd2 87. Ne5 Ra1 88. Nf3+ Kc2 89. Nd4+ Kd2 90. Rxg3 Re1+ 91.
Kd5 Rh1 92. Rg2+ Kd3 93. Rg3+ Kd2 94. Kc4 Rc1+ 95. Kb5 Rb1+ 96. Kc6 Rc1+ 97. Kd6 Rh1 98. Ke5 Re1+ 99. Kd5 Rh1 1/2-1/2

[Event "*** Titled Tuesday Blitz"]
[Site "Chess.com"]
[Date "2019.12.03"]
[Round "2"]
[White "AnubisInmortal03"]
[Black "kuli4ik"]
[Result "0-1"]
[WhiteElo "2570"]
[BlackElo "2813"]
[TimeControl "180+2"]
[EndTime "13:26:40 PST"]
[Termination "kuli4ik won by checkmate"]

1. Nf3 g6 2. e3 Bg7 3. Be2 e5 4. d4 exd4 5. exd4 Nf6 6. O-O O-O 7. c4 d5 8. Nc3 Re8 9. Bf4 c6 10. Re1 Be6 11. c5 Bg4 12. Ne5 Bxe2 13. Rxe2 Nbd7 14.
Qd2 Nh5 15. Bg5 Qc7 16. Nxd7 Rxe2 17. Nxe2 Qxd7 18. Be3 Nf6 19. Re1 Re8 20. f3 Qe7 21. Nc3 Nd7 22. b4 Nf8 23. Bf2 Qd8 24. Rxe8 Qxe8 25. g3 Ne6 26. Kg2 h5 27. h4 Qd7 28.
Ne2 Bf6 29. Qd3 a6 30. a4 Ng7 31. Be3 Nf5 32. Bf2 Qe8 33. Kh3 Qe6 34. Kg2 Kg7 35. Nf4 Qd7 36. Ne2 Kg8 37. Nf4 Bd8 38. Ne2 Bc7 39. Nc3 Qe8 40. b5 axb5 41. axb5 Bd8 42. bxc6 bxc6 43. Ne2 Bf6 44. Nf4 Ng7 45. Ne2 Qc8 46. Be3 Qa8 47. Bf4 Qa2 48. Kh3 Nf5 49. Be5 Bxe5 50. dxe5 Qa1 51. Kg2 Qxe5 52. Nf4 Nxh4+ 53.
Kf2 Nf5 54. Ne2 Kg7 55. Qd2 h4 56. gxh4 Qh2+ 57. Ke1 Qxh4+ 58. Kd1 Qa4+ 59. Ke1 Qc4 60. Qb2+ d4 61. Nf4 Qxc5 62. Nd3 Qd5 63. Kf2 Qc4 64. Ne5 Qc5 65. Ng4 Qc3 66. Qe2 d3 67. Qd1 Qc2+ 68. Ke1 Qxd1+ 69. Kxd1 Nd4 70. Ne5 Kf6 71. Nxd3 Nxf3 72.
Ke2 Ne5 73. Nc5 Kf5 74. Ke3 g5 75. Ne4 f6 76. Nd6+ Ke6 77. Ne4 Nf7 78. Kd4 f5 79. Nc5+ Kf6 80. Nd7+ Ke7 81. Nc5 g4 82. Ke3 Nd8 83.
Nd3 Ne6 84. Ne5 c5 85. Nd3 Kf6 86. Kf2 f4 87. Kg2 Kf5 88. Nf2 c4 89. Nd1 f3+ 90.
Kg3 Nd4 91. Ne3+ Kg5 92. Nxg4 c3 93. Ne3 Kg6 94. Kf2 Kh5 95. Kg3 Kg5 96. Kf2 Kh4 97.
Nd5 c2 98. Nf4 c1=Q 99. Ng2+ Kg5 100. Kg3 Qg1 101. Kh3 Qxg2# 0-1

[Event "*** Titled Tuesday Blitz"]
[Site "Chess.com"]
[Date "2019.12.03"]
[Round "2"]
[White "Caisachess"]
[Black "enriquetejedor"]
[Result "1/2-1/2"]
[WhiteElo "2247"]
[BlackElo "2462"]
[TimeControl "180+2"]
[EndTime "13:29:15 PST"]
[Termination "Game drawn - insufficient material"]

1. e4 c5 2. Nf3 e6 3. c3 Nf6 4. e5 Nd5 5. d4 cxd4 6. cxd4 d6 7.
Bc4 Nc6 8. O-O Be7 9. Re1 O-O 10. a3 b6 11. Nbd2 Bb7 12. Nf1 Na5 13. Bd3 Rc8 14. Ng3 Rc7 15. b4 Nc4 16. Qe2 Qc8 17. Bg5 g6 18. Bxe7 Rxe7 19. Bxc4 Nf4 20. Qf1 Bxf3 21. gxf3 d5 22. Ba6 Qc3 23. Re3 Qxd4 24. Rd1 Nh3+ 25. Kg2 Nf4+ 26. Kh1 Qb2 27. Ne2 Nh5 28. Nd4 Rc7 29. Rb3 Qa2 30. Bd3 Nf4 31. Bb1 Qa1 32. Bxg6 Qxd1 33. Qxd1 hxg6 34. Qd2 Nh5 35. Nb5 Rc4 36.
Rc3 Rf4 37. Nxa7 Ra8 38. Nb5 Rf5 39. Qd4 Nf4 40. Qxb6 Kg7 41. Qb7 Rh8 42. Nd6 g5 43. Nxf5+ exf5 44. Rc7 Rf8 45. e6 Nxe6 46. Re7 d4 47. Qd5 Kf6 48. Rd7 Rc8 49. Rd6 Rc1+ 50. Kg2 Ke7 51. Rd7+ Kf6 52. Rd6 Ke7 53. Rd7+ Kf6 54.
Rxf7+ Kxf7 55. Qxf5+ Ke7 56. Qh7+ Kf6 57. Qh6+ Kf5 58.
Qh7+ Kf6 59. Qh8+ Kf5 60. h3 Nf4+ 61. Kh2 d3 62. Qf8+ Kg6 63. Qe8+ Kh6 64. Qh8+ Kg6 65. Qe8+ Kh6 66. Qh8+ Kg6 67. Qd4 Rc2 68. Qd6+ Kh5 69. Kg1 d2 70. Kh2 Ne2 71. Qd3 Nc3 72.
Qxc2 d1=Q 73. Qxd1 Nxd1 74. a4 Nc3 75. a5 Kh4 76. Kg2 Nb5 77. a6 Na7 78. Kh2 Nb5 79. Kg2 Na7 80. f4 gxf4 81. Kf3 Kxh3 82. Kxf4 Kg2 83.
Ke3 Kh3 84. f4 Kg4 85. Ke4 Nb5 86. Ke5 Na7 87. f5 Nc6+ 88. Kd6 Nxb4 89. a7 Kxf5 90. a8=Q Nc2 91. Qa5+ Ke4 92. Qd5+ Ke3 93. Kc5 Ne1 94. Kc4 Nf3 95. Qd3+ Kf4 96. Kd5 Kg4 97. Qe4+ Kg3 98. Qg6+ Kf4 99. Ke6 Nd4+ 100. Kd5 Nf3 101. Qf7+ Ke3 102. Qe8+ Kf4 103. Kc4 Ne5+ 104. Kd4 Nf3+ 105. Kd3 Ne5+ 106. Ke2 Ke4 107. Qa4+ Kd5 108. Ke3 Nc4+ 109. Kf4 Nd6 110. Qd1+ Kc5 111. Ke5 Nc4+ 112. Ke6 Nb6 113. Qc2+ Kb5 114. Kd6 Nc4+ 115. Kc7 Kc5 116. Qc3 Kd5 117. Qb3 Kc5 118. Kd7 Kd4 119. Ke6 Ne3 120. Kf6 Nd5+ 121. Kf5 Ne3+ 122. Kf4 Nd5+ 123. Kf3 Ke5 124. Qc4 Nf6 125. Qc3+ Ke6 126. Qd4 Nd5 127. Ke4 Nf6+ 128. Kf4 Nd5+ 129. Kg5 Ne7 130. Qf6+ Kd7 131. Kf4 Nd5+ 132. Ke4 Nxf6+ 1/2-1/2

[Event "*** Titled Tuesday Blitz"]
[Site "Chess.com"]
[Date "2019.12.03"]
[Round "3"]
[White "LarissaSteenbekkers"]
[Black "ChessWarrior7197"]
[Result "0-1"]
[WhiteElo "1767"]
[BlackElo "2924"]
[TimeControl "180+2"]
[EndTime "13:33:04 PST"]
[Termination "ChessWarrior7197 won by resignation"]

1. e4 c5 2. Nf3 d6 3. d4 cxd4 4. Nxd4 Nf6 5. Nc3 a6 6. h3 e5 7. Nde2 b5 8. a4 b4 9. Nd5 Nxd5 10. exd5 Be7 11. g3 O-O 12. Bg2 a5 13. O-O Ba6 14. Re1 Nd7 15. c3 bxc3 16. Nxc3 f5 17. f4 e4 18. Be3 Rb8 19. Qd2 Bf6 20. Rab1 Rb4 21. g4 g6 22. b3 Qb8 23. Bf1 Bxf1 24.
Rxf1 Rxb3 25. Nb5 Rd3 26. Qe2 fxg4 27. hxg4 Bg7 28. Bd4 Rxd4 29. Nxd4 Bxd4+ 30. Kg2 Qe8 31. Rb7 Nc5 32. f5 Nxb7 0-1

[Event "*** Titled Tuesday Blitz"]
[Site "Chess.com"]
[Date "2019.12.03"]
[Round "3"]
[White "Jadeit90"]
[Black "jmduque"]
[Result "0-1"]
[WhiteElo "2266"]
[BlackElo "2483"]
[TimeControl "180+2"]
[EndTime "13:33:05 PST"]
[Termination "jmduque won by resignation"]

1. g3 e5 2. Bg2 d5 3. c4 d4 4. d3 Nf6 5. Nf3 Nc6 6. O-O a5 7. e3 Be7 8. exd4 exd4 9. Na3 O-O 10. Nc2 Bg4 11. h3 Bh5 12. Rb1 h6 13. a3 a4 14. b4 axb3 15. Rxb3 Ra7 16. Bb2 Bc5 17. Rb5 b6 18. g4 Bg6 19. Nh4 Ne7 20. Nxg6 Nxg6 21.
Qa1 Nf4 22. Rd1 h5 23. g5 Nh7 24. h4 Nxg5 25. hxg5 Qxg5 26. Ne1 Re8 27. Kf1 Rxe1+ 28. Kxe1 Qxg2 29. Bxd4 Rxa3 30. Qb2 Qg1+ 31. Kd2 Rxd3+ 0-1

[Event "*** Titled Tuesday Blitz"]
[Site "Chess.com"]
[Date "2019.12.03"]
[Round "3"]
[White "BlueWizzard"]
[Black "fish7728"]
[Result "1-0"]
[WhiteElo "2738"]
[BlackElo "2141"]
[TimeControl "180+2"]
[EndTime "13:33:21 PST"]
[Termination "BlueWizzard won by resignation"]

1. d4 d5 2. Bf4 Nf6 3. e3 e6 4. a3 Bd6 5. Bg3 Ne4 6. c4 Nxg3 7. hxg3 c5 8. cxd5 exd5 9. Nc3 cxd4 10. Qxd4 Nc6 11. Qxg7 Be5 12. Qh6 Bxc3+ 13. bxc3 Qa5 14. Qf6 Rf8 15. Bd3 Be6 16. Ne2 Ne7 17. Rb1 Qxa3 18. Rxb7 a6 19. O-O Nc6 20. Nf4 Qd6 21. Nh5 1-0

[Event "*** Titled Tuesday Blitz"]
[Site "Chess.com"]
[Date "2019.12.03"]
[Round "3"]
[White "GCamachoMartinez"]
[Black "albano87"]
[Result "1-0"]
[WhiteElo "2428"]
[BlackElo "2081"]
[TimeControl "180+2"]
[EndTime "13:33:33 PST"]
[Termination "GCamachoMartinez won by resignation"]

1. d4 d5 2. c4 e6 3. Nf3 Nf6 4. Nc3 Be7 5. Bf4 O-O 6. e3 b6 7. Rc1 Bb7 8. a3 Nbd7 9. cxd5 exd5 10. Qa4 a6 11. Be2 Rc8 12. O-O Ne4 13. Ne5 Nxe5 14.
Bxe5 Bd6 15. Bxd6 Qxd6 16. Nxe4 dxe4 17. b4 c5 18. bxc5 bxc5 19. dxc5 Rxc5 20. Qb4 Rfc8 21.
Rxc5 1-0

[Event "*** Titled Tuesday Blitz"]
[Site "Chess.com"]
[Date "2019.12.03"]
[Round "3"]
[White "semchik73"]
[Black "gusanchutik"]
[Result "0-1"]
[WhiteElo "2402"]
[BlackElo "2966"]
[TimeControl "180+2"]
[EndTime "13:33:40 PST"]
[Termination "gusanchutik won by resignation"]

1. Nf3 d5 2. c4 e6 3. d4 Nf6 4.
Nc3 dxc4 5. e4 Bb4 6. e5 Nd5 7. Bd2 Bxc3 8. bxc3 b5 9. a4 c6 10. g3 Bb7 11. Bg2 Nd7 12. O-O h6 13. Ne1 a6 14.
Qg4 g6 15. h4 Qe7 16. Nc2 N7b6 17. axb5 cxb5 18. f4 h5 19. Qe2 O-O-O 20. Nb4 Nxb4 21. cxb4 Bxg2 22. Qxg2 Qb7 23. Rf3 Rxd4 24. Be3 Rd3 25. Raf1 Rhd8 26. Bc5 Rxf3 27. Rxf3 Rd1+ 28. Kh2 Na4 29. Bd6 Qd5 30. Qf2 Rd2 0-1

[Event "*** Titled Tuesday Blitz"]
[Site "Chess.com"]
[Date "2019.12.03"]
[Round "3"]
[White "Indianlad"]
[Black "kesarev"]
[Result "1-0"]
[WhiteElo "2898"]
[BlackElo "2482"]
[TimeControl "180+2"]
[EndTime "13:33:59 PST"]
[Termination "Indianlad won by resignation"]

1. d4 g6 2. e4 Bg7 3. Nc3 c5 4. dxc5 Bxc3+ 5. bxc3 Qa5 6. Nf3 Qxc3+ 7. Bd2 Qxc5 8. Rb1 d6 9. e5 dxe5 10. Rb5 Qc7 11. Bd3 Nc6 12. Bc3 f6 13. O-O Nh6 14. Bc4 Nf5 15. Qd5 Nd6 16. Rd1 Bg4 17. Rc5 Nxc4 18.
Qxc4 Rd8 19. Rxd8+ Qxd8 20. Qxg4 1-0